Map: Ever Dream LE

Players

Lowko - Winner!

  • Race: Zerg Zerg
  • League: Master
  • Spawn Location: 1:00

lkmnjh

  • Race: Terran Terran
  • League: Grandmaster
  • Spawn Location: 7:00

VOD

Have the link to the VOD?

Description

Time

  • Played on: April 24, 2020, 10:28 a.m.
  • Length: 17:05
Show
View Real Time Build Order
Export as new Build Order

Lowko Zerg - Winner!

Build Orders: Hatch First 

Get SALT Encoding   

  12  0:01  Drone  
  13  0:12  Overlord  
  13  0:16  Drone  
  14  0:31  Drone x2  
  16  0:49  Hatchery  
  15  0:54  Drone  
  15  0:56  Drone  
  17  0:59  Drone  
  18  1:10  Extractor  
  17  1:14  Spawning Pool  
  17  1:17  Drone  
  17  1:20  Drone  
  18  1:27  Drone  
  19  1:39  Overlord  
  19  1:49  Drone  
  20  2:00  Queen  
  20  2:01  Zergling x2, Queen  
  24  2:02  Zergling x2  
  26  2:13  Overlord, Spine Crawler  
  26  2:14  Zergling x2  
  26  2:26  Zergling x4  
  27  2:33  Metabolic Boost  
  27  2:36  Queen  
  29  2:49  Drone x4  
  33  2:56  Drone x2  
  35  3:09  Drone x2  
  37  3:14  Drone x3  
  39  3:21  Zergling x4  
  38  3:28  Drone  
  38  3:32  Drone  
  40  3:40  Drone x2  
  42  3:42  Drone x2  
  42  3:44  Overlord  
  42  3:47  Spore Crawler, Queen, Extractor  
  44  3:48  Extractor  
  44  3:49  Queen, Extractor  
  44  3:51  Overlord  
  44  3:53  Overlord  
  44  3:54  Overlord  
  47  4:07  Roach Warren  
  46  4:11  Hatchery, Drone  
  46  4:13  Drone  
  46  4:14  Drone  
  48  4:21  Drone x3  
  48  4:24  Overlord  
  51  4:28  Overlord  
  51  4:49  Roach  
  51  4:50  Roach x7  
  67  4:59  Roach x3  
  73  5:06  Drone x3  
  76  5:13  Overlord  
  76  5:16  Zergling x2  
  77  5:24  Zergling x2  
  77  5:25  Zergling x8  
  80  5:34  Zergling x4  
  76  5:38  Zergling x2  
  76  5:41  Queen  
  74  5:43  Zergling x2  
  74  5:49  Zergling x8  
  79  6:00  Drone x3  
  82  6:11  Zergling x6  
  85  6:12  Overlord x2  
  87  6:18  Ravager x4  
  87  6:19  Ravager x2  
  87  6:20  Zergling x2  
  90  6:28  Drone x5  
  90  6:30  Queen x2  
  98  6:38  Zergling x6  
  96  6:44  Zergling x2  
  96  6:45  Zergling x2  
  95  6:47  Ravager  
  95  6:53  Drone x7  
  96  6:56  Drone x2  
  95  7:03  Drone, Extractor x2  
  95  7:05  Extractor x2  
  92  7:10  Evolution Chamber  
  92  7:11  Hatchery, Drone x2  
  92  7:12  Evolution Chamber  
  91  7:20  Drone x9  
  100  7:32  Drone x3  
  100  7:34  Lair  
  103  7:38  Hatchery, Zerg Ground Armor Level 1  
  103  7:39  Zerg Melee Weapons Level 1  
  103  7:42  Drone x6, Baneling Nest  
  107  7:51  Overlord  
  107  7:53  Roach x3  
  107  7:58  Overlord x3  
  113  8:00  Overlord x2  
  113  8:06  Overlord  
  113  8:12  Roach x4  
  121  8:22  Roach x8  
  136  8:32  Centrifical Hooks  
  136  8:38  Burrow  
  136  8:45  Roach x12  
  157  8:55  Zergling x2  
  157  8:56  Zergling x14  
  157  8:58  Spire  
  163  9:07  Zergling x2  
  163  9:08  Zergling x6  
  163  9:09  Unknown  
  165  9:10  Zergling x4  
  165  9:13  Hatchery, Glial Reconstitution  
  166  9:19  Baneling x7  
  166  9:20  Baneling x6  
  167  9:24  Drone x4  
  167  9:31  Zergling x12  
  171  9:38  Drone x6  
  175  9:51  Overlord x2  
  175  9:52  Overlord, Zerg Ground Armor Level 2  
  175  9:54  Zerg Melee Weapons Level 2  
  175  10:07  Zergling x14  
  175  10:10  Extractor  
  175  10:12  Extractor  
  178  10:16  Mutalisk x2  
  178  10:17  Mutalisk x4  
  188  10:25  Mutalisk x4  
  196  10:29  Zerg Flyer Weapons Level 1  
  196  10:40  Drone x3  
  196  10:41  Drone  
  200  10:42  Overlord  
  200  10:47  Baneling x16  
  199  10:59  Overlord  
  199  11:02  Infestation Pit  
  199  11:03  Baneling x2  
  198  11:09  Zergling x4  
  178  11:19  Zergling x2  
  178  11:20  Zergling x46  
  178  11:25  Zergling x2  
  170  11:29  Zergling x12  
  170  11:30  Zergling x4  
  172  11:35  Zergling x10  
  172  11:36  Zergling x2  
  172  11:38  Hive  
  178  11:43  Baneling x12  
  178  11:44  Baneling x7  
  178  11:46  Mutalisk x2  
  182  11:56  Mutalisk x2  
  186  12:03  Hatchery, Mutalisk x3  
  191  12:30  Zerg Flyer Weapons Level 2  
  191  12:37  Baneling x19  
  191  12:38  Baneling x3  
  191  12:44  Zergling x16  
  191  12:46  Baneling  
  191  12:47  Baneling x16  
  194  12:56  Zerg Melee Weapons Level 3, Zerg Ground Armor Level 3  
  194  12:57  Zergling x12  
  194  12:58  Zergling x8  
  199  13:11  Baneling x5  
  199  13:12  Baneling x11  
  199  13:17  Zergling x14  
  199  13:18  Zergling x2  
  188  13:21  Zergling x20  
  188  13:25  Zergling x8  
  173  13:30  Zergling x2  
  173  13:31  Zergling x8  
  164  13:38  Zergling x14  
  159  13:43  Zergling x8  
  159  13:44  Zergling x2  
  158  13:51  Zergling x12  
  158  13:54  Zergling x6  
  158  13:55  Zergling x2  
  160  13:59  Zergling x4  
  152  14:04  Zergling x12  
  152  14:07  Zergling x2  
  152  14:08  Zergling x4  
  152  14:11  Adrenal Glands  
  139  14:25  Drone x2  
  139  14:26  Drone x2  
  139  14:27  Drone  
  144  14:37  Ultralisk Cavern  
  143  14:38  Baneling  
  143  14:39  Baneling x20  
  143  14:40  Baneling x9  
  143  14:52  Mutalisk x5  
  153  14:57  Mutalisk x2  
  157  15:01  Overseer x2  
  157  15:15  Zergling x20  
  155  15:32  Zergling x2  
  155  15:33  Zergling x32  
  155  15:38  Baneling x10  
  155  15:39  Baneling x3  
  155  15:42  Chitinous Plating  
  155  15:49  Zergling x16  
  163  16:00  Baneling x7  
  163  16:01  Zergling x18  
  163  16:02  Zergling x2  
  173  16:07  Zergling x12  
  179  16:14  Baneling  
  179  16:15  Baneling x16  
  179  16:23  Zergling x16  
  181  16:26  Zergling x8  
  180  16:34  Zergling x16  
  180  16:36  Baneling x5  
  186  16:42  Zergling x2  
  186  16:43  Zergling x12  
Show
View Real Time Build Order
Export as new Build Order

lkmnjh Terran 

Build Orders:  

Get SALT Encoding   

  12  0:00  SCV  
  13  0:13  SCV  
  14  0:18  Supply Depot  
  14  0:25  SCV  
  15  0:40  SCV  
  15  0:41  Barracks  
  16  0:44  Refinery  
  16  0:52  SCV  
  17  1:04  SCV, Barracks  
  18  1:16  SCV  
  19  1:28  Reaper  
  19  1:29  Orbital Command  
  19  1:32  Refinery  
  20  1:44  Supply Depot  
  20  1:53  Reaper  
  21  1:54  SCV  
  22  2:01  Reaper  
  22  2:06  SCV  
  24  2:19  SCV  
  25  2:25  Reaper  
  26  2:30  Command Center  
  26  2:33  SCV  
  26  2:36  Reaper  
  28  2:48  Factory  
  28  2:50  SCV  
  29  2:56  Supply Depot  
  29  2:57  Reaper  
  30  3:03  SCV  
  31  3:17  SCV, Marine  
  33  3:29  SCV  
  33  3:32  Marine  
  35  3:35  Marine  
  35  3:39  Factory Reactor, Starport  
  36  3:41  SCV  
  36  3:47  Orbital Command  
  37  3:53  SCV  
  37  3:55  Marine  
  39  4:05  SCV  
  39  4:08  Marine  
  41  4:13  SCV, Marine  
  41  4:16  Hellion x2  
  47  4:18  SCV  
  47  4:22  Supply Depot  
  48  4:25  SCV, Medivac  
  48  4:30  SCV  
  52  4:33  Supply Depot, Marine x2  
  52  4:36  Armory  
  53  4:43  Hellion x2  
  53  4:45  SCV x2  
  59  4:47  Supply Depot  
  59  4:53  Barracks Reactor  
  59  4:59  Liberator  
  62  5:00  Bunker  
  62  5:05  Hellion x2  
  66  5:08  SCV x2  
  66  5:11  Barracks Tech Lab  
  68  5:20  SCV x2  
  70  5:29  Command Center  
  70  5:32  SCV x2  
  69  5:40  Marine x2, Barracks  
  69  5:41  Marine  
  61  5:42  Factory Tech Lab  
  61  5:44  SCV x2  
  54  5:50  Bunker  
  54  5:53  Liberator  
  57  5:57  Stimpack  
  57  5:59  SCV x2  
  57  6:02  Marine  
  57  6:03  Marine x2  
  62  6:08  Refinery  
  62  6:09  Refinery  
  62  6:12  Engineering Bay  
  62  6:13  Engineering Bay  
  62  6:14  Siege Tank  
  62  6:18  SCV  
  66  6:20  Marine x2  
  66  6:24  Marine  
  69  6:28  Marine x2  
  69  6:29  SCV  
  69  6:30  SCV  
  73  6:38  Marine  
  67  6:41  SCV  
  67  6:42  Marine  
  67  6:43  SCV x2  
  67  6:46  Marine, Siege Tank  
  70  6:53  SCV, Marine  
  71  6:55  SCV x2  
  69  7:07  Starport Reactor  
  68  7:11  SCV x2  
  68  7:12  Orbital Command  
  68  7:13  Terran Infantry Weapons Level 1, Terran Infantry Armor Level 1  
  70  7:15  Marine  
  70  7:18  Marine  
  70  7:22  Siege Tank  
  75  7:24  Barracks Reactor  
  75  7:27  Marine  
  75  7:28  Refinery  
  76  7:30  SCV  
  76  7:31  SCV  
  76  7:33  Marine  
  79  7:38  Combat Shield  
  79  7:41  Marine  
  80  7:44  SCV  
  80  7:45  Barracks x2  
  80  7:48  Medivac  
  80  7:50  SCV  
  84  7:54  Marine  
  84  7:55  Marine  
  84  7:58  Medivac  
  88  7:59  Marine  
  88  8:00  SCV  
  88  8:04  SCV, Supply Depot  
  88  8:05  Supply Depot  
  91  8:12  SCV, Marine  
  92  8:18  Orbital Command  
  93  8:25  SCV, Marine x3  
  93  8:26  SCV, Siege Tank  
  101  8:37  Supply Depot x2  
  101  8:38  SCV x2  
  101  8:39  Barracks Reactor x2  
  103  8:42  Factory  
  103  8:48  Supply Depot  
  102  8:51  Supply Depot  
  102  8:54  SCV x3  
  105  8:56  Supply Depot, Refinery x2  
  105  8:57  Supply Depot  
  105  8:58  Marine x2, Siege Tank  
  105  8:59  Marine x3  
  113  9:08  Command Center  
  113  9:10  SCV  
  113  9:15  Marine x2  
  113  9:16  Marine x5  
  121  9:17  Terran Infantry Armor Level 2, Terran Infantry Weapons Level 2  
  121  9:20  Supply Depot  
  121  9:22  Supply Depot  
  121  9:26  SCV  
  121  9:27  SCV, Marine  
  124  9:33  Siege Tank  
  124  9:34  Marine x2, Factory Tech Lab  
  124  9:36  SCV  
  130  9:39  SCV x2  
  130  9:43  Bunker  
  130  9:45  Supply Depot  
  132  9:47  Marine x7  
  132  9:51  SCV x2  
  132  9:52  Marine x2  
  141  9:55  Medivac  
  141  9:57  Medivac  
  147  10:04  Terran Vehicle Weapons Level 1, Marine  
  147  10:05  Marine x4  
  147  10:06  Marine  
  147  10:07  Marine  
  153  10:09  SCV  
  153  10:10  Marine x2  
  154  10:18  SCV x2  
  145  10:22  Marine  
  145  10:26  Marine x3  
  145  10:27  Marine x3  
  152  10:35  Marine x2  
  153  10:38  SCV  
  153  10:40  Marine  
  156  10:44  Marine x4  
  156  10:45  Marine, Siege Tank x2  
  156  10:48  Planetary Fortress  
  156  10:49  SCV x2  
  169  10:50  SCV  
  170  10:57  Marine x2  
  170  10:59  Sensor Tower  
  170  11:02  Command Center  
  172  11:07  Barracks x3  
  171  11:14  Marauder, Marine  
  159  11:18  Marine  
  159  11:20  Marine x3  
  159  11:21  SCV  
  146  11:26  Marine x3  
  146  11:28  Missile Turret x2  
  146  11:30  SCV  
  146  11:32  Missile Turret  
  146  11:33  Missile Turret  
  146  11:38  Siege Tank x2  
  150  11:40  SCV x3  
  150  11:42  SCV  
  150  11:45  Missile Turret  
  150  11:46  Marine x4  
  158  11:52  SCV  
  158  11:53  SCV x2  
  161  11:54  SCV  
  161  11:59  Barracks Tech Lab x2, Sensor Tower  
  161  12:00  Barracks Tech Lab  
  162  12:04  Missile Turret, Marine x2  
  162  12:05  Marauder, Marine  
  167  12:10  Supply Depot, Siege Tank  
  170  12:17  Medivac x2  
  170  12:22  Marine x2  
  175  12:23  SCV x2, Supply Depot, Marauder  
  175  12:24  Supply Depot  
  175  12:27  Supply Depot  
  179  12:30  Terran Infantry Weapons Level 3  
  179  12:34  Siege Tank  
  179  12:35  Marine  
  179  12:36  Marauder  
  185  12:38  Marine  
  185  12:39  Marauder  
  185  12:41  SCV  
  189  12:47  SCV  
  189  12:56  Marine  
  189  12:57  Marauder  
  190  13:01  Medivac  
  190  13:02  Medivac  
  190  13:03  SCV, Marauder, Marine  
  198  13:09  Missile Turret  
  198  13:10  Orbital Command  
  200  13:13  Marauder  
  200  13:19  Marine x3  
  167  13:20  Marauder, Marine  
  167  13:21  Marauder, Siege Tank  
  132  13:27  Marine  
  132  13:28  Marine x4  
  132  13:34  SCV, Marine  
  124  13:35  SCV  
  124  13:37  Marine  
  118  13:44  SCV x2  
  118  13:46  Marine  
  118  13:48  Marine  
  107  13:49  Marauder  
  107  13:51  Marine x5  
  107  13:53  Marine  
  107  13:55  SCV  
  106  13:59  Marine x2  
  106  14:00  SCV  
  98  14:07  SCV  
  93  14:13  Marine  
  93  14:14  Marine x2  
  96  14:21  Medivac x2  
  94  14:24  Planetary Fortress  
  94  14:31  SCV x3  
  94  14:35  Missile Turret  
  97  14:43  SCV x2, Siege Tank x2  
  105  14:49  Missile Turret, Marine  
  105  14:50  Marauder, Marine  
  109  14:56  Medivac x2  
  113  15:03  Marine x4  
  117  15:10  Command Center, Marine  
  117  15:11  Marauder  
  117  15:13  SCV  
  117  15:14  SCV  
  122  15:23  SCV  
  123  15:35  Medivac x2  
  113  15:36  Marine  
  113  15:40  Siege Tank x2  
  113  15:41  Marauder, Marine x3  
  113  15:42  Marine  
  128  15:47  Marine x2  
  128  15:48  Marauder  
  132  15:53  Marauder, Marine  
  132  15:56  Marauder, Marine  
  138  15:58  Marine x2  
  138  15:59  Marine x2  
  138  16:02  Marine  
  134  16:05  Marine x2  
  134  16:08  Marine  
  131  16:12  Marine  
  119  16:19  SCV  
  111  16:27  Marine  
  94  16:38  Marine  
Tags
 
Add a new tag
Caveats
  • Supply blocks, unpowered buildings, or Contaminate may cause inaccurate times.
  • Supply counts are checked every 10 seconds.